Map: 暮色之塔

Players

望着龟来 - Winner!

  • Race: Zerg Zerg
  • League: Diamond

Quail

  • Race: Protoss Protoss
  • League: Diamond

VOD

Have the link to the VOD?

Description

Time

  • Played on: Dec. 7, 2015, 9:06 a.m.
  • Length: 7:40
Show
View Real Time Build Order
Export as new Build Order

望着龟来 Zerg - Winner!

Build Orders: Hatch First, Roach Nydus 

Get SALT Encoding   

  12  0:01  Drone  
  13  0:12  Overlord  
  13  0:17  Drone  
  14  0:30  Drone x2  
  16  0:38  Drone  
  17  0:55  Drone  
  17  0:56  Hatchery  
  17  0:57  Drone  
  18  1:12  Spawning Pool  
  18  1:14  Extractor  
  18  1:16  Drone  
  17  1:20  Drone  
  18  1:28  Drone  
  19  1:39  Drone  
  20  1:48  Hatchery  
  20  1:51  Drone  
  20  2:06  Queen  
  22  2:12  Queen  
  24  2:16  Zergling x2  
  25  2:24  Zergling x2  
  25  2:25  Overlord  
  26  2:38  Drone x2  
  28  2:48  Drone x4  
  32  2:53  Overlord  
  32  2:55  Drone  
  33  3:00  Queen  
  33  3:02  Drone  
  33  3:05  Drone x2  
  38  3:08  Metabolic Boost  
  38  3:12  Drone  
  38  3:25  Drone x4  
  38  3:26  Queen  
  44  3:32  Roach Warren  
  42  3:35  Extractor  
  42  3:40  Drone x2, Overlord  
  43  3:42  Drone  
  43  3:44  Drone  
  43  3:45  Drone  
  46  3:49  Drone x2  
  46  3:51  Drone  
  46  3:55  Drone  
  50  4:01  Drone x4  
  54  4:06  Lair  
  54  4:12  Queen  
  54  4:14  Drone x2  
  54  4:16  Extractor  
  57  4:18  Overlord, Extractor  
  57  4:19  Drone  
  57  4:27  Evolution Chamber  
  57  4:30  Roach  
  58  4:31  Overlord  
  58  4:36  Evolution Chamber  
  58  4:37  Roach x3  
  63  4:39  Roach  
  63  4:44  Overlord  
  65  4:46  Drone  
  65  4:52  Roach x3  
  74  4:53  Roach  
  74  4:55  Overlord  
  74  4:58  Zerg Missile Weapons Level 1  
  74  5:08  Drone x5  
  74  5:09  Drone x2  
  81  5:15  Nydus Network  
  81  5:17  Ravager  
  81  5:27  Extractor  
  80  5:28  Extractor  
  79  5:36  Roach  
  79  5:37  Glial Reconstitution  
  79  5:41  Roach x4  
  89  5:44  Overlord x4  
  89  5:57  Overlord  
  89  5:58  Drone  
  90  6:08  Roach  
  90  6:09  Roach x8  
  108  6:19  Spine Crawler  
  108  6:20  Spine Crawler  
  106  6:42  Nydus Canal  
  106  6:43  Roach  
  106  6:44  Roach x7  
  122  6:49  Ravager x2, Hydralisk Den  
  122  6:50  Ravager x2  
  125  6:57  Roach x2  
  127  7:11  Roach x2  
  127  7:13  Roach x3  
  125  7:19  Roach x3  
  125  7:20  Roach  
  119  7:33  Ravager  
  119  7:34  Ravager x2  
Show
View Real Time Build Order
Export as new Build Order

Quail Protoss 

Build Orders: Nexus First, Zealot Archon 

Get SALT Encoding   

  12  0:01  Probe (Chrono Boost)  
  13  0:11  Probe (Chrono Boost)  
  14  0:18  Pylon  
  14  0:22  Probe (Chrono Boost)  
  15  0:36  Probe (Chrono Boost)  
  16  0:46  Probe (Chrono Boost)  
  17  0:58  Nexus  
  17  1:09  Gateway  
  17  1:17  Probe (Chrono Boost)  
  18  1:19  Assimilator  
  18  1:24  Assimilator  
  18  1:27  Probe (Chrono Boost)  
  19  1:38  Probe (Chrono Boost)  
  20  1:48  Probe (Chrono Boost), Pylon  
  21  1:59  Probe (Chrono Boost)  
  22  2:09  Probe (Chrono Boost)  
  22  2:11  Cybernetics Core  
  23  2:17  Gateway  
  23  2:20  Probe (Chrono Boost)  
  24  2:24  Probe (Chrono Boost)  
  25  2:30  Probe (Chrono Boost)  
  25  2:35  Probe (Chrono Boost)  
  27  2:41  Probe (Chrono Boost)  
  28  2:44  Probe (Chrono Boost)  
  28  2:50  Warp Gate  
  31  2:53  Pylon  
  31  2:54  Mothership Core  
  33  3:01  Probe, Stargate  
  34  3:12  Probe, Adept (Chrono Boost)  
  34  3:17  Stalker (Chrono Boost)  
  37  3:21  Probe  
  38  3:32  Probe  
  38  3:33  Probe  
  39  3:42  Probe  
  39  3:45  Twilight Council, Probe  
  39  3:48  Pylon  
  43  3:52  Assimilator  
  43  3:53  Probe  
  43  3:54  Adept (Chrono Boost)  
  46  3:57  Probe  
  46  4:00  Assimilator  
  47  4:03  Probe  
  47  4:09  Probe  
  49  4:12  Zealot (Chrono Boost)  
  49  4:14  Probe  
  50  4:21  Probe, Charge (Chrono Boost)  
  51  4:24  Probe  
  52  4:34  Gateway x2  
  52  4:36  Gateway  
  52  4:38  Probe x2  
  53  4:40  Gateway  
  54  4:49  Probe  
  54  4:50  Probe  
  56  5:01  Pylon  
  56  5:05  Gateway  
  56  5:07  Gateway  
  56  5:10  Templar Archives  
  56  5:12  Zealot x2  
  60  5:34  Zealot x2  
  63  5:41  Zealot x2  
  63  5:42  Zealot  
  69  5:47  Pylon  
  69  5:49  Pylon  
  69  5:51  Pylon  
  69  5:52  Pylon  
  69  5:53  Pylon  
  69  6:03  Gateway  
  69  6:09  Pylon  
  69  6:12  High Templar x3  
  69  6:13  High Templar x4  
  69  6:16  Zealot  
  69  6:18  Archon x3  
  85  6:37  Zealot  
  87  6:46  Zealot x3  
  87  6:47  Zealot x4  
  101  7:03  Pylon  
  89  7:11  Gateway  
  89  7:13  Gateway  
  75  7:16  Forge  
  63  7:23  Zealot x4  
  63  7:24  High Templar x2  
  63  7:25  High Templar  
Tags
 
Add a new tag
Caveats
  • Supply blocks, unpowered buildings, or Contaminate may cause inaccurate times.
  • Supply counts are checked every 10 seconds.